[Event "Titled Tuesday Blitz March 28 Late 2023"]
[White "Godzwon, Iwo"]
[Black "Sarana, Alexey"]
[WhiteFideId "21802483"]
[BlackFideId "24133795"]
[WhiteElo "2284"]
[BlackElo "2714"]
[Result "1/2-1/2"]
[Round "02"]
[TimeControl "180+2"]
[Date "2023.03.28"]
[WhiteClock "0:00:06"]
[BlackClock "0:00:19"]

1. e4 c5 2. Nf3 d6 3. Bb5+ Nd7 4. a4 Nf6 5. Nc3 g6 6. O-O Bg7 7. d4 cxd4 8. Qxd4 O-O 9. Bg5 a6 10. Bxd7 Bxd7 11. Rfe1 Bc6 12. Qd3 Qa5 13. Bd2 Qh5 14. Nd4 Ng4 15. h3 Ne5 16. Qf1 Rac8 17. Nxc6 Rxc6 18. Nd5 Rxc2 19. Nxe7+ Kh8 20. Bc3 Qg5 21. Bxe5 Bxe5 22. Nd5 Rxb2 23. Rad1 Bg7 24. Ne3 Rb4 25. Rxd6 Rxa4 26. Qd3 b5 27. Rd1 Ra2 28. Rd8 Qf4 29. Rxf8+ Bxf8 30. Qd4+ Kg8 31. Nd5 Qh6 32. Nf6+ Kh8 33. Nh5+ Kg8 34. Nf6+ Kh8 35. Nh5+ Kg8 36. Nf6+ 1/2-1/2


[Site "https://www.chess.com"]

[Event "Titled Tuesday Blitz March 28 Late 2023"]
[White "Krstulovic, Alex"]
[Black "Sadhwani, Raunak"]
[WhiteFideId "760056"]
[BlackFideId "35093487"]
[WhiteElo "2311"]
[BlackElo "2631"]
[Result "0-1"]
[Round "02"]
[TimeControl "180+2"]
[Date "2023.03.28"]
[WhiteClock "0:00:36"]
[BlackClock "0:01:06"]

1. e4 g6 2. d4 Bg7 3. Nc3 d6 4. g3 Nf6 5. Bg2 O-O 6. Nge2 Nc6 7. O-O e5 8. h3 Re8 9. Be3 exd4 10. Nxd4 Ne5 11. b3 Ned7 12. Qd2 Nc5 13. f3 Bd7 14. Rad1 h5 15. Kh2 a6 16. Bg5 Qc8 17. Nd5 Nh7 18. Ne7+ Rxe7 19. Bxe7 Qe8 20. b4 Nxe4 21. fxe4 Qxe7 22. c4 h4 23. gxh4 Qxh4 24. Qf2 Qe7 25. Nf3 Nf6 26. e5 dxe5 27. Ng5 Bf5 28. c5 e4 29. Qe3 Bh6 30. h4 Ng4+ 0-1


[Site "https://www.chess.com"]

[Event "Titled Tuesday Blitz March 28 Late 2023"]
[White "Martinez Alcantara, Jose Eduardo"]
[Black "Goroshkov, Maksym"]
[WhiteFideId "3805662"]
[BlackFideId "14142716"]
[WhiteElo "2712"]
[BlackElo "2322"]
[Result "1-0"]
[Round "02"]
[TimeControl "180+2"]
[Date "2023.03.28"]
[WhiteClock "0:00:07"]
[BlackClock "0:00:06"]

1. e4 e5 2. Nf3 d6 3. Nc3 Nf6 4. Bc4 Be7 5. d3 O-O 6. a3 Bg4 7. h3 Bh5 8. g4 Bg6 9. Nh4 c6 10. Ba2 d5 11. Qf3 dxe4 12. dxe4 Bxe4 13. Nxe4 Nxe4 14. Nf5 Ng5 15. Bxg5 Bxg5 16. Rd1 Qb6 17. Nd6 Bf4 18. O-O Na6 19. b4 Nc7 20. c4 Ne6 21. c5 Qc7 22. Bxe6 fxe6 23. Kg2 Qe7 24. Ne4 h5 25. Rd6 a5 26. Qb3 hxg4 27. hxg4 Rae8 28. bxa5 Qh4 29. Qh3 Qxh3+ 30. Kxh3 Ra8 31. Rb1 Rf7 32. g5 Rxa5 33. g6 Rxa3+ 34. Kg2 Rf8 35. Rxb7 Ra4 36. Rdd7 Bh6 37. Ng3 Raf4 38. Rb2 R4f6 39. Rd6 Rc8 40. Rb6 Rcf8 41. Ne4 Rxg6+ 42. Kf1 Rf4 43. Nc3 Rgf6 44. Nd1 e4 45. Ke2 Bg5 46. Rbxc6 Bh4 47. Rxe6 Rf7 48. Re8+ Kh7 49. Rce6 Bxf2 50. c6 Bb6 51. Rxe4 Rxe4+ 52. Rxe4 Rf6 53. Rc4 Bc7 54. Nc3 g5 55. Nd5 Rf7 56. Rb4 Bd6 57. Re4 Bc7 58. Kd3 Kg6 59. Rb4 Kf5 60. Rb7 Ke5 61. Nxc7 g4 62. Nb5 Rf3+ 63. Kc4 Rf2 64. Rg7 Rc2+ 65. Nc3 Ra2 66. Rxg4 Ra7 67. Rg5+ Kd6 68. Nb5+ Kxc6 69. Nxa7+ Kb6 70. Rg6+ Ka5 71. Rf6 1-0


[Site "https://www.chess.com"]

[Event "Titled Tuesday Blitz March 28 Late 2023"]
[White "Khumalo, Keith"]
[Black "Alekseenko, Kirill"]
[WhiteFideId "14319470"]
[BlackFideId "4135539"]
[WhiteElo "2056"]
[BlackElo "2683"]
[Result "1-0"]
[Round "02"]
[TimeControl "180+2"]
[Date "2023.03.28"]
[WhiteClock "0:01:24"]
[BlackClock "0:00:03"]

1. d4 d5 2. c4 dxc4 3. Nf3 a6 4. g3 b5 5. Bg2 Bb7 6. a4 e6 7. O-O Nf6 8. axb5 axb5 9. Rxa8 Bxa8 10. b3 cxb3 11. Qxb3 b4 12. Bg5 Be7 13. Nbd2 Bd5 14. Qa4+ Qd7 15. Qc2 O-O 16. e4 Bb7 17. Rc1 Na6 18. Bf1 Ra8 19. h3 h6 20. Be3 b3 21. Qxb3 Nb4 22. Ne5 Qd8 23. f3 Nd7 24. Ndc4 Nxe5 25. Nxe5 Qd6 26. Bf2 Ra2 27. Qd1 f6 28. Ng6 Bd8 29. Nf4 g5 30. Nxe6 Be7 31. Bc4 Rb2 32. Nc5+ Kh7 33. Nxb7 Qb6 34. Nc5 Na2 35. Bxa2 Rxa2 36. e5 Qb2 37. Qd3+ Kh8 38. Rf1 fxe5 39. dxe5 Bxc5 40. Qd8+ Kh7 41. Qxc7+ Kg6 42. Qxc5 Qe2 43. Qd6+ Kg7 44. Qe7+ Kg6 45. Qf6+ Kh7 46. e6 Rd2 47. e7 g4 48. Qf7+ Kh8 49. e8=Q+ 1-0


[Site "https://www.chess.com"]

[Event "Titled Tuesday Blitz March 28 Late 2023"]
[White "Kramnik, Vladimir"]
[Black "Kavutskiy, Konstantin"]
[WhiteFideId "4101588"]
[BlackFideId "2026384"]
[WhiteElo "2712"]
[BlackElo "2369"]
[Result "1/2-1/2"]
[Round "02"]
[TimeControl "180+2"]
[Date "2023.03.28"]
[WhiteClock "0:00:15"]
[BlackClock "0:00:23"]

1. c4 g6 2. Nc3 Bg7 3. g3 c5 4. Bg2 Nc6 5. d3 d6 6. Qd2 e6 7. Bxc6+ bxc6 8. b3 Ne7 9. Bb2 O-O 10. f4 Nf5 11. Nf3 h5 12. O-O-O a5 13. Na4 Nd4 14. Ng5 Rb8 15. e3 Nf5 16. Bxg7 Kxg7 17. Ne4 Qe7 18. h3 d5 19. Nexc5 Nxg3 20. Rhg1 h4 21. e4 Qf6 22. Kc2 e5 23. f5 g5 24. Qxa5 Ne2 25. Qd2 Nxg1 26. Rxg1 Kh6 27. Nc3 dxc4 28. dxc4 Rd8 29. Qe3 Qe7 30. Ne2 f6 31. a4 Bd7 32. Nc1 Be8 33. N1d3 Bh5 34. a5 Ra8 35. a6 Rdc8 36. Ra1 Rcb8 37. Ne6 Ra7 38. Qc5 Qd7 39. Kc3 Rxb3+ 40. Kxb3 Qxd3+ 41. Kb4 Qd2+ 42. Kb3 Qd3+ 43. Kb2 Qd2+ 44. Kb3 Qd3+ 1/2-1/2


[Site "https://www.chess.com"]

[Event "Titled Tuesday Blitz March 28 Late 2023"]
[White "Danielyan, Vahe"]
[Black "Anton Guijarro, David"]
[WhiteFideId "13304828"]
[BlackFideId "2285525"]
[WhiteElo "2423"]
[BlackElo "2618"]
[Result "0-1"]
[Round "02"]
[TimeControl "180+2"]
[Date "2023.03.28"]
[WhiteClock "0:00:07"]
[BlackClock "0:01:14"]

1. d4 Nf6 2. c4 g6 3. Nc3 Bg7 4. e4 d6 5. Be2 O-O 6. Nf3 Nbd7 7. O-O e5 8. d5 a5 9. Bg5 h6 10. Bd2 Nc5 11. Qc2 Nh7 12. Be3 b6 13. a3 f5 14. b4 Nb7 15. Ne1 axb4 16. Nb1 f4 17. Bd2 bxa3 18. Rxa3 Rxa3 19. Nxa3 g5 20. h3 Nf6 21. Nb5 Nc5 22. Nc3 h5 23. Nf3 g4 24. Ng5 Nxd5 25. Nxd5 Qxg5 26. hxg4 hxg4 27. g3 Ne6 28. Bc3 f3 29. Bd3 Qh5 30. Ra1 Kf7 31. Nf4 0-1


[Site "https://www.chess.com"]

[Event "Titled Tuesday Blitz March 28 Late 2023"]
[White "Demchenko, Anton"]
[Black "Panesso Rivera, Henry"]
[WhiteFideId "4160258"]
[BlackFideId "4402707"]
[WhiteElo "2545"]
[BlackElo "2345"]
[Result "1/2-1/2"]
[Round "02"]
[TimeControl "180+2"]
[Date "2023.03.28"]
[WhiteClock "0:00:05"]
[BlackClock "0:00:05"]

1. e4 d6 2. d4 Nf6 3. Nc3 g6 4. Nf3 Bg7 5. Be3 O-O 6. Qd2 Nc6 7. d5 Nb8 8. Bh6 c6 9. O-O-O Qa5 10. Bxg7 Kxg7 11. Kb1 Bg4 12. h3 Bxf3 13. gxf3 cxd5 14. exd5 Nbd7 15. h4 h5 16. f4 Rac8 17. Rh3 Rc5 18. f5 Rfc8 19. fxg6 fxg6 20. Re3 Rxc3 21. Rxe7+ Kf8 22. Rde1 Ne5 23. Rxb7 Kg8 24. bxc3 Nxd5 25. Ka1 Qxc3+ 26. Qxc3 Rxc3 27. Rxa7 Rxc2 28. Rb1 Nc6 29. Ra4 Kg7 30. Bc4 Nc3 31. Bb3 Rxf2 32. Rc4 Nxb1 33. Rxc6 Nd2 34. Bd5 Rf4 35. Rxd6 Rxh4 36. Kb2 Rh2 37. Kc3 h4 38. a4 Nb1+ 39. Kb3 Nd2+ 40. Kc3 Nb1+ 41. Kb3 Nd2+ 42. Kc3 1/2-1/2


[Site "https://www.chess.com"]

[Event "Titled Tuesday Blitz March 28 Late 2023"]
[White "Mihajlov, Sebastian"]
[Black "Maghsoodloo, Parham"]
[WhiteFideId "1512110"]
[BlackFideId "12539929"]
[WhiteElo "2464"]
[BlackElo "2647"]
[Result "0-1"]
[Round "02"]
[TimeControl "180+2"]
[Date "2023.03.28"]
[WhiteClock "0:00:01"]
[BlackClock "0:01:13"]

1. e4 c5 2. Nf3 d6 3. d4 cxd4 4. Nxd4 Nf6 5. Nc3 a6 6. Bc4 e6 7. Bb3 Nbd7 8. Be3 Nc5 9. f3 b5 10. Qd2 Bd7 11. a3 Qc7 12. Ba2 Be7 13. b4 Nb7 14. O-O O-O 15. Rfc1 Rac8 16. Nce2 d5 17. Bf4 e5 18. Bg3 Bd6 19. Nf5 Bxf5 20. exf5 e4 21. Bxd6 Nxd6 22. Bxd5 Rfd8 23. Bb3 exf3 24. gxf3 Nxf5 25. Qf4 Qxf4 26. Nxf4 Nd4 27. Kf2 Rc3 28. Ne2 Rxf3+ 29. Kg2 Ne4 30. Nxd4 Rf2+ 31. Kg1 Rxd4 32. Rd1 Rfd2 33. Rxd2 Nxd2 34. Kf2 Nxb3 35. cxb3 Rd2+ 36. Ke3 Rb2 37. Kd4 Rxh2 38. a4 g5 39. Kc5 g4 40. axb5 Rh5+ 41. Kc4 axb5+ 42. Kd4 0-1


[Site "https://www.chess.com"]

[Event "Titled Tuesday Blitz March 28 Late 2023"]
[White "Paravyan, David"]
[Black "Sourath Biswas"]
[WhiteFideId "4194985"]
[BlackFideId "35091484"]
[WhiteElo "2577"]
[BlackElo "2164"]
[Result "1-0"]
[Round "02"]
[TimeControl "180+2"]
[Date "2023.03.28"]
[WhiteClock "0:00:11"]
[BlackClock "0:01:00"]

1. e4 c6 2. d4 d5 3. e5 Bf5 4. Nf3 e6 5. Be2 c5 6. Be3 Qb6 7. Nc3 Nc6 8. O-O Qxb2 9. Qe1 cxd4 10. Bxd4 Nxd4 11. Nxd4 Bb4 12. Rb1 Bxc3 13. Rxb2 Bxe1 14. Rxe1 b6 15. h4 h5 16. Nxf5 exf5 17. c4 Ne7 18. Rd2 O-O-O 19. Red1 d4 20. f4 Ng6 21. g3 Nf8 22. Rxd4 Rxd4 23. Rxd4 Ne6 24. Rd6 g6 25. Bf3 Rd8 26. Rc6+ Kb8 27. Bd5 Rc8 28. Rd6 Rd8 29. Rxd8+ Nxd8 30. Kf2 Ne6 31. Ke3 Kc7 32. Kd3 Kd7 33. Kc3 Ke7 34. Bxe6 fxe6 35. Kb4 Kd7 36. Kb5 Kc7 37. Ka6 Kb8 38. a4 Ka8 39. a5 bxa5 40. Kxa5 Kb7 41. Kb5 Kc7 42. Ka6 Kb8 43. c5 Ka8 44. Ka5 Kb7 45. Kb5 Kc7 46. Ka6 Kc6 47. Kxa7 Kxc5 48. Kb7 Kd4 49. Kc6 Ke3 50. Kd6 Kf3 51. Kxe6 Kxg3 52. Kf6 Kxh4 53. e6 Kg3 54. e7 h4 55. e8=Q h3 56. Qe3+ Kg2 57. Kxg6 h2 58. Kxf5 h1=Q 59. Qe4+ Kh2 60. Qxh1+ Kxh1 1-0


[Site "https://www.chess.com"]

[Event "Titled Tuesday Blitz March 28 Late 2023"]
[White "Wadsworth, Matthew J"]
[Black "Kamsky, Gata"]
[WhiteFideId "415804"]
[BlackFideId "2000024"]
[WhiteElo "2330"]
[BlackElo "2666"]
[Result "0-1"]
[Round "02"]
[TimeControl "180+2"]
[Date "2023.03.28"]
[WhiteClock "0:00:09"]
[BlackClock "0:00:58"]

1. g3 d5 2. Nf3 Nf6 3. Bg2 c6 4. c4 g6 5. b3 Bg7 6. Bb2 O-O 7. O-O a5 8. d4 a4 9. Nbd2 Qa5 10. Qc1 Bf5 11. Bc3 Qa6 12. Re1 Nbd7 13. Nh4 Be6 14. e4 dxe4 15. Nxe4 Nxe4 16. Rxe4 Rfe8 17. Rxe6 fxe6 18. Bh3 Nf8 19. Nf3 c5 20. Qe3 cxd4 21. Nxd4 axb3 22. axb3 Qb6 23. Re1 e5 24. Nb5 Qxe3 25. Rxe3 Red8 26. Bxe5 Bxe5 27. Rxe5 Kf7 28. Nc7 Ra1+ 29. Kg2 Rd2 30. Nd5 e6 31. Nf4 Raa2 32. Bxe6+ Nxe6 33. Nxe6 Rxf2+ 34. Kh3 Kf6 35. Re3 h5 36. g4 Rxh2+ 37. Kg3 h4+ 38. Kf4 Rhf2+ 39. Ke4 Kxe6 0-1


[Site "https://www.chess.com"]

[Event "Titled Tuesday Blitz March 28 Late 2023"]
[White "Poliakova, Varvara"]
[Black "Talibov, Shiroghlan"]
[WhiteFideId "13518313"]
[BlackFideId "13429078"]
[WhiteElo "2075"]
[BlackElo "2218"]
[Result "1/2-1/2"]
[Round "02"]
[TimeControl "180+2"]
[Date "2023.03.28"]
[WhiteClock "0:00:31"]
[BlackClock "0:00:20"]

1. e4 Nf6 2. e5 Nd5 3. c4 Nb6 4. d4 d6 5. exd6 cxd6 6. Nc3 g6 7. Be3 Bg7 8. Rc1 O-O 9. b3 Bf5 10. Nge2 Nc6 11. Ng3 Bd7 12. d5 Ne5 13. Be2 f5 14. f4 Ng4 15. Bd4 Qc7 16. Bxg7 Kxg7 17. Qd4+ Nf6 18. O-O a5 19. a4 Rae8 20. Bf3 Nc8 21. Rfe1 Qc5 22. Qxc5 dxc5 23. Re5 Nd6 24. Rce1 Kf7 25. Nh1 h6 26. Nf2 g5 27. g3 gxf4 28. gxf4 Ng4 29. Bxg4 fxg4 30. Nfe4 b6 31. Ng3 e6 32. Rd1 Bc8 33. dxe6+ Rxe6 34. Rxe6 Kxe6 35. Nd5 Bb7 36. Re1+ Kd7 37. Re7+ Kd8 38. Re6 Kd7 39. Re7+ Kd8 40. Re6 Kd7 41. Re7+ 1/2-1/2


[Site "https://www.chess.com"]

[Event "Titled Tuesday Blitz March 28 Late 2023"]
[White "Durarbayli, Vasif"]
[Black "Srinath, Rao S.V."]
[WhiteFideId "13402935"]
[BlackFideId "5028876"]
[WhiteElo "2543"]
[BlackElo "2196"]
[Result "0-1"]
[Round "02"]
[TimeControl "180+2"]
[Date "2023.03.28"]
[WhiteClock "0:00:01"]
[BlackClock "0:00:38"]

1. e4 e6 2. d4 d5 3. e5 c5 4. c3 Nc6 5. Nf3 Bd7 6. Bd3 cxd4 7. cxd4 Qb6 8. O-O Nxd4 9. Nbd2 Ne7 10. Nxd4 Qxd4 11. Nf3 Qb6 12. Be3 Qd8 13. Re1 Ng6 14. g3 Bb4 15. Re2 O-O 16. h4 f5 17. h5 Ne7 18. h6 g6 19. a3 Ba5 20. Bc5 Bb6 21. Bd6 Bc7 22. Bxc7 Qxc7 23. Rc1 Qb6 24. Qd2 Nc6 25. Qf4 Rac8 26. Rec2 Nb8 27. Rxc8 Bxc8 28. b4 a6 29. Bc2 Bd7 30. Bb3 a5 31. Qg5 Qd8 32. bxa5 Nc6 33. Qf4 Nxa5 34. Ba2 b5 35. Qb4 Nc4 36. Bxc4 bxc4 37. Qd6 Bc8 38. Qc5 Rf7 39. Rb1 Rc7 40. Qa5 c3 41. Nd4 Qd7 42. Rc1 Rc4 43. Nb5 d4 44. Nd6 Rc6 45. Qb5 Rxd6 46. Qb4 Rc6 0-1


[Site "https://www.chess.com"]

[Event "Titled Tuesday Blitz March 28 Late 2023"]
[White "Atanasov, Anthony"]
[Black "Drygalov, Andrey"]
[WhiteFideId "2623897"]
[BlackFideId "24171735"]
[WhiteElo "2206"]
[BlackElo "2471"]
[Result "0-1"]
[Round "02"]
[TimeControl "180+2"]
[Date "2023.03.28"]
[WhiteClock "0:00:04"]
[BlackClock "0:00:34"]

1. d4 Nf6 2. Nf3 d5 3. Bf4 c5 4. e3 Nc6 5. Nbd2 Qb6 6. dxc5 Qxb2 7. Rb1 Qc3 8. Bb5 e6 9. O-O Be7 10. e4 O-O 11. e5 Nd7 12. Nb3 Qb4 13. Nbd4 Qxc5 14. Nxc6 bxc6 15. Be3 Qa3 16. Bxc6 Rb8 17. Qd3 Qa5 18. Bg5 Ba6 19. Qe3 Bxg5 20. Qxg5 Bxf1 21. Rxf1 Qc7 22. Ba4 Nc5 23. Bb3 Ne4 24. Qf4 a5 25. a4 Nc3 26. Nd4 Rb4 27. Re1 Qb6 28. Qe3 Qxd4 29. Qxd4 Rxd4 30. Kf1 h5 31. f3 Rc8 32. Re3 Rd1+ 33. Kf2 Ra1 34. Rd3 Nxa4 35. Bxa4 Rxa4 36. Rb3 Rxc2+ 37. Kg3 Raa2 38. Rb8+ Kh7 39. h3 Rxg2+ 40. Kh4 Ra4+ 41. f4 Rxf4+ 42. Kxh5 g6# 0-1


[Site "https://www.chess.com"]

[Event "Titled Tuesday Blitz March 28 Late 2023"]
[White "Deac, Bogdan-Daniel"]
[Black "Olenik Campa, Rudi"]
[WhiteFideId "1226380"]
[BlackFideId "14633264"]
[WhiteElo "2649"]
[BlackElo "2249"]
[Result "1-0"]
[Round "02"]
[TimeControl "180+2"]
[Date "2023.03.28"]
[WhiteClock "0:01:25"]
[BlackClock "0:00:30"]

1. b3 c5 2. Bb2 Nc6 3. e3 e5 4. c4 g6 5. g3 Bg7 6. Bg2 Nge7 7. Nc3 d6 8. d3 Be6 9. Nd5 a6 10. Ne2 f5 11. O-O O-O 12. f4 Rb8 13. Rc1 b5 14. Nxe7+ Nxe7 15. cxb5 Rxb5 16. fxe5 Bxe5 17. Bxe5 dxe5 18. Nc3 Rb8 19. Na4 Bd5 20. Nxc5 Bxg2 21. Kxg2 Rc8 22. e4 Qd6 23. b4 a5 24. Qb3+ Kh8 25. a3 axb4 26. axb4 f4 27. Qe6 f3+ 28. Rxf3 Qxe6 29. Rxf8+ 1-0


[Site "https://www.chess.com"]

[Event "Titled Tuesday Blitz March 28 Late 2023"]
[White "Horobetz, Graham"]
[Black "Bortnyk, Mykola"]
[WhiteFideId "2047322"]
[BlackFideId "14120836"]
[WhiteElo "2593"]
[BlackElo "2582"]
[Result "0-1"]
[Round "02"]
[TimeControl "180+2"]
[Date "2023.03.28"]
[WhiteClock "0:00:09"]
[BlackClock "0:01:07"]

1. e4 Nf6 2. e5 Nd5 3. c4 Nb6 4. d4 d6 5. exd6 cxd6 6. Nc3 g6 7. Be3 Bg7 8. Rc1 Nc6 9. d5 Ne5 10. b3 O-O 11. Nf3 Bg4 12. Be2 Bxf3 13. Bxf3 Nbd7 14. O-O f5 15. Nb5 f4 16. Bd2 a5 17. Nd4 Nc5 18. Ne6 Nxe6 19. dxe6 Qc8 20. Bc3 Nxf3+ 21. Qxf3 Qxe6 22. Bxg7 Kxg7 23. Qxb7 f3 24. Rfe1 Qg4 25. Rxe7+ Kf6 26. g3 Ra7 27. Qe4 Qh3 28. Qe6+ Qxe6 0-1


[Site "https://www.chess.com"]

[Event "Titled Tuesday Blitz March 28 Late 2023"]
[White "Sokac, Marko"]
[Black "Baskakov, Egor"]
[WhiteFideId "14531356"]
[BlackFideId "24197866"]
[WhiteElo "2355"]
[BlackElo "2212"]
[Result "1-0"]
[Round "02"]
[TimeControl "180+2"]
[Date "2023.03.28"]
[WhiteClock "0:00:05"]
[BlackClock "0:00:06"]

1. e4 c5 2. a3 Nf6 3. e5 Nd5 4. c4 Nc7 5. Nf3 Nc6 6. b4 d6 7. Bb2 Bg4 8. Be2 e6 9. exd6 Bxd6 10. h3 Bh5 11. O-O O-O 12. b5 Ne7 13. d4 a6 14. a4 axb5 15. axb5 Rxa1 16. Bxa1 Qa8 17. Nbd2 cxd4 18. Nxd4 Bg6 19. Bf3 Rd8 20. Qe2 Ne8 21. N4b3 Bb4 22. Ne4 Qa4 23. Qb2 b6 24. h4 h6 25. h5 Bf5 26. g4 Bh7 27. Nd4 Qa3 28. Qe2 Nd6 29. Nc2 Qb3 30. Nxb4 Nxe4 31. Nc6 Nxc6 32. bxc6 Ng5 33. Bg2 Bd3 34. Qd1 Qxc4 35. Re1 Rc8 36. Be5 Be4 37. Bxe4 Nxe4 38. c7 Ng5 39. Qd8+ Kh7 40. Qxc8 Qxg4+ 41. Kf1 Qc4+ 42. Kg2 Qg4+ 43. Bg3 Qf3+ 44. Kf1 Ne4 45. Qh8+ Kxh8 46. c8=Q+ Kh7 47. Qc7 f5 48. Qf4 Qh1+ 49. Ke2 Qxh5+ 50. f3 Nf6 51. Rg1 Qf7 52. Qe5 Qd7 53. Bf4 Nd5 54. Bd2 g5 55. Bc3 Kg6 56. Bd4 Qb5+ 57. Kf2 Qd7 58. Rh1 Nf4 59. Qf6+ Kh7 60. Rxh6+ Kg8 61. Rh8# 1-0


[Site "https://www.chess.com"]

[Event "Titled Tuesday Blitz March 28 Late 2023"]
[White "Terry, Renato"]
[Black "Lenaerts, Lennert"]
[WhiteFideId "3803457"]
[BlackFideId "211435"]
[WhiteElo "2579"]
[BlackElo "2334"]
[Result "1-0"]
[Round "02"]
[TimeControl "180+2"]
[Date "2023.03.28"]
[WhiteClock "0:00:08"]
[BlackClock "0:00:20"]

1. e4 e5 2. Nf3 Nc6 3. c3 d5 4. Qa4 f6 5. d3 Ne7 6. Nbd2 Be6 7. Be2 Nc8 8. Qc2 Be7 9. O-O O-O 10. b4 a6 11. a3 b5 12. exd5 Bxd5 13. c4 bxc4 14. dxc4 Bf7 15. c5 a5 16. Qa4 N8a7 17. b5 Nd4 18. Nxd4 Qxd4 19. Qxd4 exd4 20. c6 a4 21. Nf3 Bc5 22. Bf4 Rfe8 23. Bd3 Bg6 24. Bc4+ Bf7 25. Rfc1 Bxc4 26. Rxc4 Bb6 27. Rb1 Rad8 28. Rxa4 d3 29. Be3 Rxe3 30. fxe3 d2 31. Rd1 Nxb5 32. Rc4 Bxe3+ 33. Kf1 Rd3 34. Ke2 Rxa3 35. Nxd2 Nc3+ 36. Rxc3 Rxc3 37. Ne4 Rxc6 38. Kxe3 Re6 39. Kf3 c6 40. Rd7 h5 41. Ng3 Re5 42. Rc7 Rc5 43. Ne4 Re5 44. Rxc6 Kh7 45. h3 Kg6 46. Ra6 Rb5 47. Ra3 Rf5+ 48. Kg3 Rb5 49. Nd2 Rd5 50. Nf3 Rb5 51. Ra4 Rb2 52. Ra7 Kh6 53. Nd4 g5 54. Nf5+ Kg6 55. Ne7+ Kh6 56. Nd5 h4+ 57. Kf3 Kg6 58. Ra6 Rb3+ 59. Kf2 Rb2+ 60. Kg1 Rb1+ 61. Kf2 Rb2+ 62. Kf3 Rb3+ 63. Ke4 Rb2 64. Rxf6+ Kg7 65. Rf3 Rxg2 66. Kf5 Rg3 67. Rxg3 hxg3 68. Ne3 Kh6 69. Kg4 g2 70. Nxg2 1-0


[Site "https://www.chess.com"]

[Event "Titled Tuesday Blitz March 28 Late 2023"]
[White "Mekhitarian, Krikor Sevag"]
[Black "Drori, Saar"]
[WhiteFideId "2107660"]
[BlackFideId "2812444"]
[WhiteElo "2604"]
[BlackElo "2322"]
[Result "1-0"]
[Round "02"]
[TimeControl "180+2"]
[Date "2023.03.28"]
[WhiteClock "0:01:05"]
[BlackClock "0:00:06"]

1. Nf3 c5 2. c4 g6 3. d4 Bg7 4. e4 cxd4 5. Nxd4 Nc6 6. Be3 Nf6 7. Nc3 O-O 8. Be2 d6 9. O-O Bd7 10. h3 Rc8 11. Nf3 a6 12. Rc1 Qa5 13. Bd2 Qb6 14. b3 Nd4 15. Be3 Nxe2+ 16. Qxe2 Qa5 17. Bd2 Qh5 18. Nd5 Nxd5 19. exd5 e6 20. dxe6 Bxe6 21. Bc3 Bxc3 22. Rxc3 d5 23. c5 Rfd8 24. Rd1 Rc7 25. Nd4 Qxe2 26. Nxe2 d4 27. Rxd4 Rdc8 28. b4 b6 29. Rd2 bxc5 30. Rdc2 c4 31. a3 Rd8 32. Nf4 Rd4 33. g3 Bf5 34. Rc1 Be4 35. f3 Bb7 36. R1c2 Rd1+ 37. Kf2 Rh1 38. h4 Rh2+ 39. Kg1 Bd5 1-0


[Site "https://www.chess.com"]

[Event "Titled Tuesday Blitz March 28 Late 2023"]
[White "Koellner, Ruben Gideon"]
[Black "Svane, Frederik"]
[WhiteFideId "12993093"]
[BlackFideId "12923044"]
[WhiteElo "2303"]
[BlackElo "2502"]
[Result "0-1"]
[Round "02"]
[TimeControl "180+2"]
[Date "2023.03.28"]
[WhiteClock "0:00:08"]
[BlackClock "0:00:27"]

1. d4 g6 2. Nf3 Nf6 3. Nbd2 d6 4. e4 Bg7 5. Bc4 O-O 6. O-O Nc6 7. c3 a5 8. a4 Nd7 9. Bb3 e5 10. dxe5 Ndxe5 11. Nxe5 Nxe5 12. Nc4 Nd7 13. Be3 Qe7 14. Bc2 b6 15. Re1 Ba6 16. Bd3 Nc5 17. Bxc5 bxc5 18. Ne3 Bb7 19. Nd5 Qd8 20. Bc4 Rb8 21. Rb1 Bc6 22. Qc2 Qd7 23. b3 Rfe8 24. Rbd1 Bxd5 25. exd5 Rxe1+ 26. Rxe1 Re8 27. Rxe8+ Qxe8 28. Qe2 Qd8 29. Bb5 Be5 30. f4 Bxf4 31. Qe8+ Qxe8 32. Bxe8 Bd2 33. c4 Kg7 34. Kf2 f5 35. Kf3 Kf6 36. h3 h5 37. h4 f4 38. g3 fxg3 39. Kxg3 Be1+ 40. Kh3 Kf5 41. Bf7 g5 42. Bxh5 Bxh4 43. Be8 Be1 44. Bd7+ Kf4 45. Kg2 g4 46. Bc6 g3 47. Bb5 Bc3 48. Bc6 Be5 49. Bd7 Ke3 50. Bc6 Kd3 51. Bb5 Kc3 52. Kf3 Kxb3 53. Kg2 Kc3 54. Kf3 Kd3 55. Kg2 Ke4 56. Bc6 Kd4 57. Bb5 c6 58. dxc6 d5 59. cxd5 Kxd5 60. Kf3 Kd4 61. c7 Bxc7 62. Bc6 c4 63. Ke2 Kc3 64. Bd5 Kb4 65. Kd1 Kxa4 66. Kc2 Kb4 67. Kb2 Be5+ 68. Kc2 c3 69. Be4 Kc5 70. Bg2 Kd4 71. Kb3 Ke3 72. Bd5 Kf2 73. Kc2 g2 74. Bxg2 Kxg2 75. Kd3 Kf2 76. Kc2 Ke2 77. Kc1 Kd3 78. Kd1 c2+ 79. Kc1 Bf4+ 80. Kb2 c1=Q+ 81. Ka2 Qc2+ 82. Ka3 Bd6# 0-1


[Site "https://www.chess.com"]

[Event "Titled Tuesday Blitz March 28 Late 2023"]
[White "Grigoriants, Sergey"]
[Black "Rastbod, Ali"]
[WhiteFideId "4130804"]
[BlackFideId "12567477"]
[WhiteElo "2502"]
[BlackElo "2211"]
[Result "1-0"]
[Round "02"]
[TimeControl "180+2"]
[Date "2023.03.28"]
[WhiteClock "0:01:31"]
[BlackClock "0:01:01"]

1. d4 Nf6 2. c4 e6 3. g3 Bb4+ 4. Bd2 Bxd2+ 5. Qxd2 d5 6. Bg2 O-O 7. Nf3 c6 8. b3 b6 9. O-O Nbd7 10. Rc1 Ba6 11. a4 Qe7 12. a5 Rfd8 13. Qf4 c5 14. Nbd2 cxd4 15. Nxd4 Qe8 16. Nc6 Rdc8 17. Qd6 Bb7 18. Ne7+ 1-0


[Site "https://www.chess.com"]

[Event "Titled Tuesday Blitz March 28 Late 2023"]
[White "Ehlvest, Jaan"]
[Black "Bachmann, Axel"]
[WhiteFideId "4500016"]
[BlackFideId "3700488"]
[WhiteElo "2442"]
[BlackElo "2605"]
[Result "1-0"]
[Round "02"]
[TimeControl "180+2"]
[Date "2023.03.28"]
[WhiteClock "0:00:07"]
[BlackClock "0:00:36"]

1. e4 Nc6 2. Nf3 d6 3. d4 Nf6 4. Nc3 Bg4 5. Bb5 a6 6. Bxc6+ bxc6 7. h3 Bh5 8. Bg5 Qb8 9. Qd3 e6 10. O-O-O Qb7 11. g4 Bg6 12. Nh4 Rb8 13. b3 d5 14. Nxg6 hxg6 15. Kb1 Bb4 16. f3 Nd7 17. Bc1 a5 18. Na4 Nb6 19. Nc5 Qa7 20. h4 Bxc5 21. dxc5 Nd7 22. Be3 a4 23. exd5 cxd5 24. c6 Nb6 25. Bd4 Rg8 26. h5 g5 27. Qh7 Ke7 28. Bc5+ Kf6 29. Qd3 axb3 30. cxb3 Qa5 31. Rc1 Nc4 32. Qd4+ e5 33. Qxd5 Nd2+ 34. Kb2 Rgd8 35. Be7+ 1-0


[Site "https://www.chess.com"]

[Event "Titled Tuesday Blitz March 28 Late 2023"]
[White "Jocev, Milan"]
[Black "Fressinet, Laurent"]
[WhiteFideId "900680"]
[BlackFideId "608742"]
[WhiteElo "2323"]
[BlackElo "2633"]
[Result "0-1"]
[Round "02"]
[TimeControl "180+2"]
[Date "2023.03.28"]
[WhiteClock "0:00:14"]
[BlackClock "0:01:17"]

1. d4 Nf6 2. Nf3 d5 3. Bf4 e6 4. e3 Bd6 5. Nbd2 O-O 6. Bd3 b6 7. O-O Ba6 8. Bxa6 Nxa6 9. Qe2 Nb8 10. Bxd6 Qxd6 11. e4 dxe4 12. Nxe4 Nxe4 13. Qxe4 Nd7 14. Rad1 Nf6 15. Qe5 Rfd8 16. Qxd6 cxd6 17. c3 b5 18. Ne1 a5 19. Nd3 Rdc8 20. a3 Nd5 21. Rc1 g6 22. Rfe1 Rc4 23. Kf1 b4 24. cxb4 Rxd4 25. Red1 axb4 26. Nxb4 Rxd1+ 27. Rxd1 Nxb4 28. axb4 d5 29. Rd3 Kf8 30. Ke2 Rb8 31. Rb3 Ke7 32. g4 f6 33. f4 Kd6 34. Kd2 e5 35. fxe5+ fxe5 36. Kc2 d4 37. Rh3 Rb7 38. b5 Kd5 39. b6 Rxb6 40. Rxh7 e4 41. Re7 d3+ 42. Kc3 Rc6+ 43. Kd2 Rc2+ 44. Kd1 0-1


[Site "https://www.chess.com"]